 Dungeon Crawl Stone Soup version 0.30-a0-1050-g2766ea1e55 (webtiles) character file.

Game seed: 2983882056022192836

110 MacCMillion the Shooter (level 4, -8/36 HPs)
             Began as a Demigod Hunter on Apr 11, 2023.
             Mangled by Menkaure (19 damage)
             ... on level 4 of the Dungeon.
             The game lasted 00:02:48 (2921 turns).

MacCMillion the Shooter (Demigod Hunter)            Turns: 2921, Time: 00:02:49

Health: -8/36      AC:  5    Str: 12    XL:     4   Next: 35%
Magic:  6/6        EV: 13    Int: 11    God:
Gold:   132        SH:  0    Dex: 23    Spells: 3/3 levels left

rFire   . . .      SeeInvis .    a - +0 shortbow
rCold   + . .      Faith    .    (shield currently unavailable)
rNeg    . . .      Spirit   .    r - +1 robe "Zoixass" {rElec rC+ Dex+2}
rPois   .          Reflect  .    (no helmet)
rElec   +          Rampage  .    s - +0 cloak
rCorr   .                        (no gloves)
Will    .....                    i - +0 pair of boots
Stlth   ++                       (no amulet)
HPRegen 0.26/turn                (no ring)
MPRegen 0.10/turn                (no ring)

@: no status effects
A: high MP 1, forlorn, divine attributes
a: no special abilities


You were on level 4 of the Dungeon.
You visited 1 branch of the dungeon, and saw 4 of its levels.

You collected 132 gold pieces.

Inventory:

Hand Weapons
 a - a +0 shortbow (weapon)
Missiles
 q - a throwing net
Armour
 c - a +0 leather armour
 i - a +0 pair of boots (worn)
 r - the +1 robe "Zoixass" (worn) {rElec rC+ Dex+2}
   (You found it on level 3 of the Dungeon)

   Dex:       It affects your dexterity (+2).
   rC:        It protects you from cold.
   rElec:     It insulates you from electricity.
 s - a +0 cloak (worn)
Jewellery
 v - a ring of ice
Scrolls
 b - 2 scrolls of immolation
 d - 4 scrolls of identify {unknown}
 f - 4 scrolls of enchant armour {unknown}
 h - a scroll of amnesia {unknown}
 j - a scroll of silence {unknown}
 k - a scroll of magic mapping {unknown}
 l - a scroll of teleportation {unknown}
 n - a scroll of summoning {unknown}
 p - 2 scrolls of vulnerability {unknown}
 t - a scroll of brand weapon {unknown}
Potions
 e - 3 potions of curing {unknown}
 g - 2 potions of ambrosia {unknown}
 m - a potion of cancellation {unknown}
 o - a potion of mutation {unknown}
 u - 2 potions of haste {unknown}
 w - a potion of might {unknown}
 x - a potion of magic {unknown}


   Skills:
 - Level 1.8 Fighting
 + Level 5.2 Ranged Weapons
 - Level 1.8 Dodging
 - Level 2.0 Stealth


You had 3 spell levels left.
You didn't know any spells.
Your spell library contained the following spells:

 Spells                   Type           Power      Damage    Failure   Level
 Sting                    Tmut/Pois      0%         1d3       34%         1
 Poisonous Vapours        Pois/Air       0%         N/A       47%         2
 Olgreb's Toxic Radiance  Pois           0%         N/A       98%         4


Dungeon Overview and Level Annotations

Branches:
Dungeon (4/15)
 Temple: D:4-7

Annotations:
D:2 1 runed translucent door, Crazy Yiuf
D:4 Dowan, Menkaure


Innate Abilities, Weirdness & Mutations

You have an increased reservoir of magic. (+10% MP)
You shall have no god before yourself.
Your divine heritage dramatically boosts your attributes as you level up.


Message History

You barely resist. You shoot an arrow. The arrow hits Menkaure.
Menkaure is lightly damaged.
You shoot an arrow.
The arrow hits Menkaure but does no damage.
Menkaure is lightly damaged.
Menkaure mumbles some strange words.
Menkaure seems to speed up.
You shoot an arrow. The arrow hits Menkaure.
Menkaure is moderately damaged.
You shoot an arrow.
The arrow hits Menkaure but does no damage.
Menkaure is moderately damaged.
Menkaure hits you but does no damage.
You shoot an arrow. The arrow hits Menkaure.
Menkaure is heavily damaged.
Menkaure closely misses you.
You shoot an arrow. The arrow hits Menkaure!
Menkaure is severely damaged.
Menkaure calls on the powers of darkness!
Your body is wracked with pain!
Menkaure casts a spell at you. Pain shoots through your body!
You are too injured to fight recklessly!
You are too injured to fight recklessly!
Fire: a) +0 shortbow
Press: ? - help, Q - select action, (/) - cycle Shift-Dir - straight line, f/p - Menkaure
Aim: Menkaure (severely damaged, fast, 78% to hit)
You shoot an arrow. The arrow hits Menkaure.
Menkaure is almost destroyed.
Menkaure hits you.
Fire: a) +0 shortbow
Press: ? - help, Q - select action, (/) - cycle Shift-Dir - straight line, f/p - Menkaure
Aim: Menkaure (almost destroyed, fast, 78% to hit)
You shoot an arrow.
The arrow hits Menkaure but does no damage.
Menkaure is almost destroyed.
Menkaure hits you!!
Ouch! That really hurt!
You die...

#.# #.#
#.###.###### #.#
#.........#
#.#####.###
#.#.#.####.#
#..†....... # #<#
#.# #<.####.### #.#
#.# ####..# #.# #.#
#.....# #.# #e#
#.##.## #.# #.#
#@##.# ..# #W#
#M##.# ### #.#
#.##.# ##.###.##.#
.#.#####).........#
...e$.....###.##..#
.###.###..# #:# .#
#..# #.# # ........


You could see Menkaure (fast).

Vanquished Creatures
  An orc wizard (D:3)
  An adder (D:4)
  2 dart slugs
  2 orcs (D:3)
  11 ball pythons
  4 bats
  4 endoplasms
  4 giant cockroaches
  6 goblins
  4 hobgoblins
  4 jackals (D:2)
  2 quokkas
  3 frilled lizards (D:1)
  8 kobolds
  8 rats
64 creatures vanquished.

Vanquished Creatures (others)
  6 withered plants (D:4)
6 creatures vanquished.

Grand Total: 70 creatures vanquished

Notes
Turn   | Place    | Note
-------+----------+-------------------------------------------
     0 | D:1      | MacCMillion the Demigod Hunter began the quest for the Orb.
     0 | D:1      | Reached XP level 1. HP: 17/17 MP: 3/3
    26 | D:1      | Reached skill level 1 in Stealth
   126 | D:1      | Reached XP level 2. HP: 24/24 MP: 4/4
   510 | D:1      | Reached skill level 4 in Ranged Weapons
  1213 | D:2      | Reached XP level 3. HP: 29/29 MP: 5/5
  1583 | D:2      | Found a runed translucent door.
  1584 | D:2      | Noticed Crazy Yiuf
  1862 | D:3      | Identified the +1 robe "Zoixass" {rElec rC+ Dex+2}
  2041 | D:3      | Reached XP level 4. HP: 36/36 MP: 6/6
  2251 | D:3      | Reached skill level 5 in Ranged Weapons
  2841 | D:4      | Noticed Dowan
  2842 | D:4      | Noticed a phantom
  2908 | D:4      | Noticed Menkaure
  2921 | D:4      | Mangled by Menkaure

Illustrated notes

Levels and vault maps discovered:
D:1:      wheals_arrival_linesprint, layout_basic,
          chequers_serial_rivers_micro_a, skrybe_limestone_x
D:2:      layout_basic, minmay_tetromino_o2, uniq_crazy_yiuf_cottage
D:3:      layout_basic
D:4:      layout_loops_ring, kennysheep_mini, minmay_temple_entry_hall,
          serial_undead, serial_undead_d, serial_undead_a, serial_undead_b,
          serial_undead_b, uniq_duvessa, uniq_ijyb, uniq_pikel, uniq_menkaure

Skill      XL: |  1  2  3  4 |
---------------+-------------+-----
Stealth        | 1 2 |  2.0
Ranged Weapons | 4 5 |  5.2
Fighting       | |  1.8
Dodging        | |  1.8

Action                     |  1- 3 |  4- 6 || total
---------------------------+-------+-------++-------
   Fire: Shortbow          |   112 |    58 ||   170
 Armour: Leather armour    |    14 |       ||    14
         Robe              |       |     5 ||     5
  Dodge: Dodged            |    41 |    16 ||    57

Table legend: (Time is in decaauts)
 A = Elapsed time spent in this place.
 B = Non-inter-level travel time spent in this place.
 C = Inter-level travel time spent in this place.
 D = Time resting spent in this place.
 E = Time spent auto-exploring this place.
 F = Levels seen in this place.
 G = Mean time per level.
                   A        B        C        D        E       F      G
               +--------+--------+--------+--------+--------+-----+--------+
         Total |   2972 |   2775 |    197 |    165 |   2219 |   4 |  743.0 |
       Dungeon |   2972 |   2775 |    197 |    165 |   2219 |   4 |  743.0 |
               +--------+--------+--------+--------+--------+-----+--------+

Top non-repeatable levels by time:
     D:1: 1129 daAuts
     D:3: 905 daAuts
     D:2: 701 daAuts
     D:4: 235 daAuts
